 Seeded DCSS version 0.30-a0-269-gf0224bf7b6 (webtiles) character file.

Game seed: 11311379475214468471 (custom seed)

308 Iusername the Stinger (level 6, -4/45 HPs)
             Began as a Draconian Venom Mage on Oct 14, 2022.
             Slain by Pikel
             ... wielding a +1 whip of flaming
              (6 damage)
             ... on level 4 of the Dungeon.
             The game lasted 00:15:38 (5456 turns).

Iusername the Stinger (Draconian Venom Mage)        Turns: 5456, Time: 00:15:39

Health: -4/45      AC:  7    Str: 10    XL:     6   Next: 17%
Magic:  0/10       EV: 12    Int: 24    God:
Gold:   136        SH:  0    Dex: 11    Spells: 8/11 levels left

rFire   . . .      SeeInvis .    k - +3 flail
rCold   + . .      Faith    .    (no shield)
rNeg    . . .      Spirit   .    (body armour unavailable)
rPois   .          Reflect  .    (helmet restricted)
rElec   .          Harm     .    (no cloak)
rCorr   .          Rampage  .    h - +0 pair of gloves
Will    .....                    (no boots)
Stlth   ++........               (no amulet)
HPRegen 0.27/turn                d - +6 ring of intelligence
MPRegen 0.12/turn                a - ring of protection from cold

@: very slightly contaminated, studying Staves
A: AC +6, unfitting armour, cold-blooded
a: no special abilities


You were on level 4 of the Dungeon.
You visited 1 branch of the dungeon, and saw 4 of its levels.

You collected 136 gold pieces.

Inventory:

Hand Weapons
 k - a +3 flail (weapon)
Armour
 h - a +0 pair of gloves (worn)
Jewellery
 a - a ring of protection from cold (right hand)
 d - a +6 ring of intelligence (left hand)
Wands
 n - a wand of polymorph (8)
Scrolls
 e - a scroll of amnesia
 i - a scroll of teleportation
 m - 2 scrolls of magic mapping {unknown}
Potions
 b - 2 potions of cancellation {unknown}
 f - 3 potions of haste {unknown}
 j - 2 potions of heal wounds {unknown}
 l - 3 potions of lignification {unknown}


   Skills:
 + Level 3.0 Dodging
 + Level 3.3 Stealth
 + Level 3.1 Spellcasting
 + Level 2.7 Transmutations
 + Level 4.0 Poison Magic


You had 8 spell levels left.
You knew the following spells:

 Your Spells              Type           Power      Damage    Failure   Level
a - Sting                 Tmut/Pois      80%        1d7       2%          1
b - Poisonous Vapours     Pois/Air       26%        N/A       7%          2

Your spell library contained the following spells:

 Spells                   Type           Power      Damage    Failure   Level
 Apportation              Tloc           6%         N/A       11%         1
 Necrotise                Necr           12%        1d4       11%         1
 Summon Small Mammal      Summ           12%        N/A       11%         1
 Mephitic Cloud           Conj/Pois/Air  10%        N/A       19%         3
 Olgreb's Toxic Radiance  Pois           23%        N/A       21%         4
 Gell's Gravitas          Tloc           3%         N/A       32%         3
 Lesser Beckoning         Tloc           6%         N/A       32%         3
 Teleport Other           Tloc           3%         N/A       32%         3
 Vhi's Electric Charge    Tloc/Air       6%         N/A       32%         3
 Arcjolt                  Conj/Air       1%         1d11      96%         5
 Maxwell's Capacitive Co  Air            1%         ∞         100%        8


Dungeon Overview and Level Annotations

Branches:
Dungeon (4/15)
 Temple: D:4-7

Altars:

Shops:
D:3 (?*

Annotations:
D:3 2 transporters, Darkkill's ghost, amateur HuHu
D:4 Pikel


Innate Abilities, Weirdness & Mutations

Your plain brown scales are hard. (AC +6)
You cannot fit into any form of body armour.
You are cold-blooded and may be slowed by cold attacks.


Message History

Casting: Sting (safe; 2% risk of failure)
Confirm with . or Enter, or press ? or * to list all spells.
Aiming: Sting (safe; 2% risk of failure)
Press: ? - help, Shift-Dir - straight line, f/p - Pikel
Aim: Pikel, wielding a +1 whip of flaming and wearing a +0 robe (severely wounded, very poisoned, 70% to hit)
The sting hits Pikel but does no damage.
Pikel looks even sicker.
Pikel is severely wounded.
Pikel closely misses you. The lemure hits you but does no damage.
Pikel attacks as you move away!
Pikel hits you with a +1 whip of flaming.
Pikel burns you.
* * * LOW HITPOINT WARNING * * *
The lemure attacks as you move away! The lemure closely misses you.
Pikel attacks as you move away! Pikel barely misses you.
Pikel hits you but does no damage. Pikel attacks as you move away!
Pikel barely misses you.
Casting: Sting (safe; 2% risk of failure)
Confirm with . or Enter, or press ? or * to list all spells.
Aiming: Sting (safe; 2% risk of failure)
Press: ? - help, Shift-Dir - straight line, f/p - Pikel
Aim: Pikel, wielding a +1 whip of flaming and wearing a +0 robe (almost dead, very poisoned, 70% to hit)
You miscast Sting.
You are very lightly contaminated with residual magic.
Nothing appears to happen.
Pikel hits you with a +1 whip of flaming.
* * * LOW HITPOINT WARNING * * *
Pikel burns you.
* * * LOW HITPOINT WARNING * * *
Unknown command.
You barely miss Pikel.
Pikel is almost dead.
Pikel hits you with a +1 whip of flaming!
* * * LOW HITPOINT WARNING * * *
Pikel burns you.
* * * LOW HITPOINT WARNING * * *
Okay, then.
Pikel attacks as you move away!
Pikel hits you with a +1 whip of flaming.
You die...

#.......#### ### #.#
#..........# #.#
#.......##.# #.#
#.......##.# #.#
#.......##.###########.#
#......................#
####.##5##########.#####
#.##K# #.# ##.##@# #.#
##...#.# #.#
####.###..##########.#
#....# #.............#
#.##.###.#############
#.###...##
#.....)###########
#####..##........#
##########..##.######(#


You could see Pikel (very poisoned) and a lemure.

Vanquished Creatures
  3 lemures (D:4)
  2 hounds
  An orc priest (D:4)
  3 iguanas
  An orc wizard (D:4)
  4 adders
  2 worms (D:3)
  A dart slug (D:1)
  5 orcs
  3 bats
  3 endoplasms
  4 giant cockroaches
  4 goblins
  10 hobgoblins
  9 jackals
  8 kobolds
  A quokka (D:4)
  7 ball pythons
  A frilled lizard (D:3)
  A rat (D:1)
73 creatures vanquished.

Notes
Turn   | Place    | Note
-------+----------+-------------------------------------------
     0 | D:1      | Iusername the Draconian Venom Mage began the quest for the
                  | Orb.
     0 | D:1      | Reached XP level 1. HP: 14/14 MP: 3/3
   171 | D:1      | Reached XP level 2. HP: 19/20 MP: 0/5
  1232 | D:1      | Reached XP level 3. HP: 26/26 MP: 3/6
  2023 | D:2      | Learned a level 2 spell: Poisonous Vapours
  2089 | D:2      | Found a faded altar of an unknown god.
  2641 | D:3      | Reached XP level 4. HP: 18/33 MP: 0/7
  2845 | D:3      | Found Zogaruc's Weapon Boutique.
  2910 | D:3      | Found Hyogops's Magic Scroll Boutique.
  3178 | D:3      | Found Atiewiu's Assorted Antiques.
  3193 | D:3      | Reached XP level 5. HP: 31/38 MP: 1/9
  3376 | D:3      | Found a transporter.
  3383 | D:3      | Noticed Darkkill's ghost (amateur HuHu)
  3456 | D:3      | Found a transporter.
  4756 | D:4      | Reached skill level 4 in Poison Magic
  4787 | D:4      | Reached XP level 6. HP: 44/45 MP: 5/10
  5151 | D:4      | Noticed Pikel
  5455 | D:4      | HP: 2/45 [Pikel/+1 whip of flaming (3)]
  5456 | D:4      | Slain by Pikel

Illustrated notes

Levels and vault maps discovered:
D:1:      beargit_arrival_diablo_church, layout_basic,
          chequers_serial_rivers_small_a, minivault_25, minmay_worlds_worst_comb
D:2:      layout_loops_corners, chequers_ecumenical_altar_grove
D:3:      layout_basic, serial_shops, shop_fountains, shop, nicolae_square_shop,
          gammafunk_ghost_mausoleum
D:4:      layout_loops_ring, uniq_pikel

Skill      XL: |  1  2  3  4  5 |
---------------+----------------+-----
Stealth        | 2 3 |  3.3
Dodging        | 2 3 |  3.0
Transmutations | 2 |  2.7
Spellcasting   | 3 |  3.1
Poison Magic   | 4 |  4.0

Action                   |  1- 3 |  4- 6 || total
-------------------------+-------+-------++-------
Melee: Unarmed           |     8 |       ||     8
       Tailslap          |     8 |     7 ||    15
       Whip              |    22 |       ||    22
       Flail             |    16 |    55 ||    71
       Punch             |       |     2 ||     2
 Cast: Sting             |    63 |    70 ||   133
       Poisonous Vapours |     4 |    10 ||    14
Evoke: Wand              |       |     1 ||     1
  Use: Potion            |     1 |     4 ||     5
       Scroll            |       |     9 ||     9
 Stab: Sleeping          |       |     1 ||     1
Armor: Skin              |    36 |    46 ||    82
Dodge: Dodged            |    78 |    81 ||   159

Table legend: (Time is in decaauts)
 A = Elapsed time spent in this place.
 B = Non-inter-level travel time spent in this place.
 C = Inter-level travel time spent in this place.
 D = Time resting spent in this place.
 E = Time spent auto-exploring this place.
 F = Levels seen in this place.
 G = Mean time per level.
                   A        B        C        D        E       F      G
               +--------+--------+--------+--------+--------+-----+--------+
         Total |   5483 |   5403 |     80 |   1896 |   2649 |   4 | 1370.8 |
       Dungeon |   5483 |   5403 |     80 |   1896 |   2649 |   4 | 1370.8 |
               +--------+--------+--------+--------+--------+-----+--------+

Top non-repeatable levels by time:
     D:4: 1918 daAuts
     D:1: 1295 daAuts
     D:3: 1210 daAuts
     D:2: 1060 daAuts
